 Dungeon Crawl Stone Soup version 0.23.1 (webtiles) character file.

Game seed: 14609956667606636027

13640 Nekros the Fighter (level 11, -8/101 HPs)
             Began as a Demonspawn Chaos Knight on Mar 9, 2019.
             Was a Plaything of Xom.
             Mangled by a death yak (11 damage)
             ... on level 3 of the Lair of Beasts.
             The game lasted 00:54:46 (11687 turns).

Nekros the Fighter (Demonspawn Chaos Knight)       Turns: 11687, Time: 00:54:48

Health: -8/101     AC: 19    Str: 17    XL:     11   Next: 78%
Magic:  12/12      EV:  5    Int: 15    God:    Xom [...*..]
Gold:   344        SH: 12    Dex: 12    Spells: 10/10 levels left

rFire    + . .     SeeInvis .   a - +0 spear (chaos)
rCold    + . .     Gourm    .   D - +2 shield
rNeg     . . .     Faith    .   k - +0 plate armour
rPois    .         Spirit   .   o - +2 hat
rElec    .         Reflect  .   e - scarf {rC+ rF+}
rCorr    .         Harm     .   q - +1 pair of gloves
MR       +....     Clarity  +   (no boots)
Stlth    ..........             (no amulet)
HPRegen  0.66/turn              i - ring of protection from magic
MPRegen  0.13/turn              (no ring)

@: no status effects
A: antennae 2, talons 1, blurry vision 1, clarity, high mp 1, sense surroundings
1, regeneration 1, robust 1, shaggy fur 1, spiny 3, strong 1, wild magic 1, rot
immunity, MP-powered wands
a: Renounce Religion


You were on level 3 of the Lair of Beasts.
You worshipped Xom.
You were a favourite toy of Xom.
You were full.

You visited 3 branches of the dungeon, and saw 14 of its levels.

You collected 665 gold pieces.
You spent 321 gold pieces at shops.

Inventory:

Hand Weapons
 a - a +0 spear of chaos (weapon)
 v - a +2 arbalest of flaming
 C - a +0 mace of chaos
 H - the cursed +2 hand axe of Sudden Death {drain, MR+, unknown}
   (You found it on level 1 of the Lair of Beasts)

   A truly terrible weapon, it drains the life of those it strikes.
   It affects your resistance to hostile enchantments.
   It has a curse placed upon it.
Missiles
 w - 45 bolts
Armour
 e - a scarf of resistance (worn)
 k - a +0 plate armour (worn)
 o - a +2 hat (worn)
 q - a +1 pair of gloves (worn)
 D - a +2 shield (worn)
Magical Staves
 r - an uncursed staff of poison {unknown}
Jewellery
 i - a ring of protection from magic (left hand)
 I - an uncursed ring of stealth {unknown}
Wands
 d - a wand of digging (4)
 t - a wand of iceblast (7)
 z - a wand of disintegration (19)
 A - a wand of paralysis (6)
 F - a wand of scattershot (11)
 G - a wand of flame (24)
Scrolls
 b - 4 scrolls of teleportation
 g - a scroll of immolation {unknown}
 h - 5 scrolls of remove curse
 l - 5 scrolls of amnesia
 m - 4 scrolls of enchant weapon {unknown}
 n - 2 scrolls of blinking {unknown}
 p - a scroll of enchant armour {unknown}
 s - a scroll of acquirement {unknown}
 u - a scroll of random uselessness {unknown}
 x - 3 scrolls of identify
 B - a scroll of magic mapping {unknown}
 K - a scroll of holy word {unknown}
Potions
 f - 2 potions of magic
 j - a potion of agility
 E - 2 potions of flight
 J - a potion of might {unknown}
Miscellaneous
 y - a box of beasts
Comestibles
 c - 16 rations


   Skills:
 * Level 10.5 Fighting
 + Level 9.0 Polearms
 - Level 2.1 Crossbows
 + Level 8.2 Armour
 + Level 2.4 Dodging
 + Level 6.6 Stealth
 * Level 6.2 Shields


You had 10 spell levels left.
You didn't know any spells.
Your spell library contained the following spells:

 Spells                   Type           Power        Failure   Level  Hunger
 Irradiate                Conj/Tmut      #.........   100%        5    ######.
 Hydra Form               Tmut           #.........   100%        6    #######
 Statue Form              Tmut/Erth      #........    100%        6    #######
 Dragon Form              Tmut           #.........   100%        7    #######


Dungeon Overview and Level Annotations

Branches:
Dungeon (10/15)            Temple (1/1) D:7            Lair (3/6) D:8
  Swamp: Lair:2-4    Shoals: Lair:2-4     Snake: Lair:2-4    Spider: Lair:2-4
    Orc: D:9-12

Altars:
Ashenzari
Cheibriados
Dithmenos
Elyvilon
Fedhas
Gozag
Hepliaklqana
Kikubaaqudgha
Makhleb
Nemelex Xobeh
Okawaru
Qazlal
Ru
Sif Muna
Trog
Uskayaw
Vehumet
Xom
Yredelemnul
Zin
The Shining One
Jiyva

Shops:
D:4 *   D:6 [!(?   D:7 %   D:10 [


Innate Abilities, Weirdness & Mutations

You have a pair of antennae on your head.
You are completely covered in sharp spines.
You are immune to rotting.
You have sharp toenails.
Scrolls take you a little longer to read.
You possess an exceptional clarity of mind.
You have an increased reservoir of magic. (+10% MP)
You passively map a small area around you.
Your natural rate of healing is unusually fast.
You are robust. (+10% HP)
You are covered in fur. (AC +1)
Your muscles are strong. (Str +2)
Your spells are a little harder to cast, but a little more powerful.
You expend magic power (3 MP) to strengthen your wands.


Message History

The death yak is heavily wounded.
The death yak is struck by your spines. The death yak gores you!
* * * LOW HITPOINT WARNING * * *
The blink frog blinks!
You block the death yak's attack. The death yak gores you!
* * * LOW HITPOINT WARNING * * *
The death yak is struck by your spines.
The death yak gores you but does no damage.
Your white imp hits the death yak but does no damage.
The death yak gores your white imp!!
Your white imp dies!
Really read with blurry vision while enemies are nearby?
The death yak gores you.
* * * LOW HITPOINT WARNING * * *
You begin reading the scroll.
You continue reading the scroll.
The death yak is struck by your spines. The death yak gores you.
* * * LOW HITPOINT WARNING * * *
The death yak gores you!
You die...
Xom roars with laughter!

, , , ...... , .....P ,
#.... #####.....# *
...#>...######..PPF.....
...#...................#
...#...................#
*
#.#...............§....#
,
.<.....<........@Y......
.............§.#YY+#.#..
, *
..............#Y.YF.....
,
........................,
..#...##.......F........
,
###.###P......P.......#.
*
#######.................
#.###.........#.#..PP#..
..........†.............


You could see 5 death yaks and 3 blink frogs.

Vanquished Creatures
  4 hydras
  2 black mambas
  A spiny frog (Lair:3)
  Psyche (D:8)
  A yaktaur (shapeshifter) (Lair:3)
  3 komodo dragons
  A queen bee (Lair:1)
  7 blink frogs (Lair:2)
  5 yaks (Lair:3)
  4 hogs (D:7)
  A human (D:7)
  7 water moccasins
  8 porcupines
  3 ice beasts
  A black bear (D:7)
  3 sky beasts
  A necrophage (D:9)
  2 phantoms
  2 ogres (D:7)
  3 centaurs
  3 crocodiles
  10 bullfrogs
  2 scorpions
  20 killer bees
  4 wights (D:8)
  2 crimson imps (D:7)
  A howler monkey (D:5)
  A centaur zombie (D:7)
  A quasit (D:8)
  2 hounds
  A jelly (D:6)
  A bullfrog skeleton (D:8)
  An orc priest (D:4)
  4 orc wizards
  2 centaur skeletons
  2 iguanas
  Natasha (thrice) (D:2)
  6 worker ants
  2 hound zombies
  A hound skeleton (D:4)
  4 adders
  2 shadow imps
  2 oozes (D:1)
  An adder zombie (D:6)
  6 worms
  2 dart slugs
  3 leopard geckos
  30 orcs
  A ball python (D:3)
  6 giant cockroaches
  6 goblins
  7 hobgoblins
  13 jackals
  6 quokkas
  3 bats (D:3)
  2 frilled lizards (D:3)
  A jackal skeleton (D:5)
  4 kobolds (D:1)
  A quokka skeleton (D:8)
  A quokka zombie (D:8)
  11 rats
  A fungus (Lair:1)
242 creatures vanquished.

Vanquished Creatures (collateral kills)
  A water moccasin (Lair:1)
  A centaur (D:6)
  A bullfrog (D:7)
  An orc wizard (D:7)
  A worker ant (D:7)
  2 jackals (D:6)
7 creatures vanquished.

Vanquished Creatures (others)
  An eye of draining (D:9)
  A crocodile (Lair:2)
  An orc wizard (D:4)
3 creatures vanquished.

Grand Total: 252 creatures vanquished

Notes
Turn   | Place    | Note
-------+----------+-------------------------------------------
     0 | D:1      | Nekros the Demonspawn Chaos Knight began the quest for the
                  | Orb.
     0 | D:1      | Reached XP level 1. HP: 18/18 MP: 1/1
    90 | D:1      | XOM: harmless Ice miscast
   147 | D:1      | Reached skill level 1 in Dodging
   147 | D:1      | Gained mutation: You are partially covered in sharp spines.
                  | [demonic ancestry]
   147 | D:1      | Reached XP level 2. HP: 17/24 MP: 2/2
   201 | D:1      | XOM: harmless Tloc miscast
   546 | D:1      | XOM: silly message
   849 | D:1      | Gained mutation: You are immune to rotting. [demonic
                  | ancestry]
   849 | D:1      | Reached XP level 3. HP: 27/30 MP: 3/3
   946 | D:1      | XOM: harmless Air miscast
  1236 | D:2      | Noticed Natasha
  1243 | D:2      | Killed Natasha
  1243 | D:2      | Reached skill level 4 in Fighting
  1243 | D:2      | Reached XP level 4. HP: 28/37 MP: 4/4
  1251 | D:2      | XOM: mild Conj miscast
  1251 | D:2      | Noticed Natasha
  1257 | D:2      | Killed Natasha
  1277 | D:2      | XOM: harmless Necr miscast
  1485 | D:2      | Noticed Natasha
  1498 | D:2      | Killed Natasha
  1704 | D:2      | XOM: medium Conj miscast
  1929 | D:2      | Found a hide-covered altar of Uskayaw.
  1929 | D:2      | XOM: 11-stop teleportation journey
  2030 | D:2      | XOM: scenery: create altars
  2315 | D:2      | Gained mutation: You have a pair of small antennae on your
                  | head. [demonic ancestry]
  2315 | D:2      | Reached XP level 5. HP: 39/43 MP: 5/5
  2714 | D:2      | XOM: severe Hex miscast
  2715 | D:2      | XOM: give mutation
  2715 | D:2      | Gained mutation: Scrolls take you a little longer to read.
                  | [Xom's mischief]
  2788 | D:3      | XOM: harmless Ice miscast
  2859 | D:3      | XOM: draining
  2967 | D:3      | Found a shadowy altar of Dithmenos.
  2971 | D:3      | XOM: noise
  2987 | D:3      | XOM: harmless Chrm miscast
  3029 | D:3      | XOM: harmless Hex miscast
  3058 | D:3      | Found a blossoming altar of Fedhas.
  3084 | D:3      | XOM: stat loss: -1 Str (12/13)
  3229 | D:3      | Found an opulent altar of Gozag.
  3506 | D:3      | XOM: god gift: 23 gold pieces
  3511 | D:4      | Found Seud's General Store.
  3535 | D:4      | XOM: scenery: 1 doors open
  3537 | D:4      | XOM: scenery: 1 doors close
  3583 | D:4      | XOM: medium Erth miscast
  3778 | D:4      | XOM: polymorph orc wizard -> killer bee
  3779 | D:4      | XOM: fog
  3783 | D:4      | Reached XP level 6. HP: 21/50 MP: 6/6
  4199 | D:4      | Reached skill level 1 in Stealth
  4291 | D:4      | XOM: cleaving
  4306 | D:4      | XOM: scenery: create altars
  4309 | D:4      | XOM: potion effect (berserk rage)
  4315 | D:4      | Reached skill level 5 in Fighting
  4460 | D:4      | Gained mutation: You are mostly covered in sharp spines.
                  | [demonic ancestry]
  4460 | D:4      | Reached XP level 7. HP: 36/56 MP: 7/7
  4464 | D:4      | Found a basalt altar of Yredelemnul.
  4588 | D:4      | XOM: polymorph adder -> rat
  4595 | D:4      | XOM: divination: detect items
  4857 | D:5      | Entered Level 5 of the Dungeon
  5008 | D:5      | Found a shattered altar of Ashenzari.
  5043 | D:5      | Found a shattered altar of Ashenzari.
  5280 | D:5      | Reached skill level 5 in Polearms
  5315 | D:5      | XOM: give mutations
  5315 | D:5      | Gained mutation: You are covered in fur. (AC +1) [Xom's
                  | grace]
  5315 | D:5      | Gained mutation: You have an increased reservoir of magic.
                  | (+10% MP) [Xom's grace]
  5315 | D:5      | Gained mutation: You expend magic power (3 MP) to
                  | strengthen your wands. [Xom's grace]
  5315 | D:5      | Gained mutation: Your natural rate of healing is unusually
                  | fast. [Xom's grace]
  5396 | D:6      | Found Faylu's Magic Scroll Shoppe.
  5412 | D:6      | Found a sacrificial altar of Ru.
  5420 | D:6      | XOM: divination: detect creatures
  5433 | D:6      | HP: 2/56 [poisoned by a water moccasin]
  5438 | D:6      | HP: 1/56 [poisoned by a water moccasin]
  5462 | D:6      | Gained mutation: You are completely covered in sharp
                  | spines. [demonic ancestry]
  5462 | D:6      | Reached XP level 8. HP: 38/64 MP: 8/8
  5530 | D:6      | Found a sacrificial altar of Ru.
  5534 | D:6      | Bought a scroll of identify for 22 gold pieces
  5570 | D:6      | XOM: give mutations
  5570 | D:6      | Gained mutation: Your body sometimes deteriorates upon
                  | taking damage. [Xom's mischief]
  5570 | D:6      | Gained mutation: You are clumsy. (Dex -2) [Xom's mischief]
  5570 | D:6      | Gained mutation: You are robust. (+10% HP) [Xom's mischief]
  5570 | D:6      | Lost mutation: Your body sometimes deteriorates upon taking
                  | damage. [Xom's mischief]
  5647 | D:6      | Reached skill level 6 in Fighting
  5725 | D:6      | Found Qaoschesh's Weapon Boutique.
  5862 | D:6      | Found Ydwiyri's Distillery.
  5887 | D:6      | Found Arephox's Antique Armour Emporium.
  5894 | D:6      | XOM: summons 3 friendly demons
  5896 | D:6      | Reached skill level 5 in Armour
  5946 | D:6      | Bought a pair of runed gloves for 187 gold pieces
  5946 | D:6      | Bought a helmet for 112 gold pieces
  5986 | D:6      | Found a glowing silver altar of Zin.
  6170 | D:6      | XOM: harmless Necr miscast
  6432 | D:7      | XOM: harmless Necr miscast
  6461 | D:7      | XOM: summons 4 friendly demons
  6728 | D:7      | Found Zocitaf's Food Shop.
  6731 | D:7      | XOM: divination: detect creatures
  6762 | D:7      | XOM: divination: detect items
  6785 | D:7      | XOM: harmless Erth miscast
  6805 | D:7      | XOM: potion effect (curing)
  6829 | D:7      | Reached skill level 7 in Fighting
  6829 | D:7      | Reached XP level 9. HP: 75/79 MP: 9/9
  6845 | D:7      | Found a deep blue altar of Sif Muna.
  6954 | D:7      | XOM: confuse monster(s)
  7051 | D:7      | Found a staircase to the Ecumenical Temple.
  7058 | Temple   | Entered the Ecumenical Temple
  7372 | D:7      | XOM: silly message
  7458 | D:8      | Reached skill level 8 in Fighting
  7475 | D:8      | XOM: silly message
  7496 | D:8      | Found a staircase to the Lair.
  7497 | D:8      | Noticed Psyche
  7512 | D:8      | Killed Psyche
  7514 | D:8      | XOM: silly message
  7613 | D:8      | Found a snail-covered altar of Cheibriados.
  7704 | D:8      | XOM: mild Ice miscast
  7719 | D:8      | Noticed a seven-headed hydra
  7731 | D:8      | XOM: fog
  7753 | D:8      | XOM: harmless Tmut miscast
  7755 | D:8      | XOM: 8-stop teleportation journey
  7884 | D:8      | Found a bloodstained altar of Trog.
  7895 | D:8      | Reached skill level 1 in Crossbows
  7925 | D:8      | Reached skill level 5 in Stealth
  7990 | D:8      | XOM: summons 3 hostile demons
  8157 | D:8      | Killed a seven-headed hydra
  8157 | D:8      | Gained mutation: You have a pair of antennae on your head.
                  | [demonic ancestry]
  8157 | D:8      | Reached XP level 10. HP: 90/90 MP: 11/11
  8255 | D:8      | XOM: give mutations
  8255 | D:8      | Gained mutation: Your muscles are strong. (Str +2) [Xom's
                  | grace]
  8255 | D:8      | Gained mutation: You passively map a small area around you.
                  | [Xom's grace]
  8255 | D:8      | Gained mutation: You possess an exceptional clarity of
                  | mind. [Xom's grace]
  8390 | D:9      | XOM: mild Necr miscast
  8417 | D:9      | XOM: mild Necr miscast
  8438 | D:9      | Found an iron altar of Okawaru.
  8544 | D:9      | Reached skill level 9 in Fighting
  8560 | D:9      | XOM: cast spell 'Summon Ice Beast'
  8584 | D:9      | XOM: god gift: runed mace {god gift}
  8598 | D:9      | Found a burning altar of Makhleb.
  8831 | D:9      | XOM: give mutation
  8831 | D:9      | Lost mutation: You are clumsy. (Dex -2) [Xom's mischief]
  8900 | D:10     | Entered Level 10 of the Dungeon
  8900 | D:10     | Found Silimiu's Antique Armour Shop.
  8945 | Lair:1   | Entered Level 1 of the Lair of Beasts
  9090 | Lair:1   | Noticed a black mamba
  9096 | Lair:1   | Reached skill level 1 in Shields
  9104 | Lair:1   | Killed a black mamba
  9177 | Lair:1   | XOM: give mutations
  9177 | Lair:1   | Gained mutation: Your spells are a little harder to cast,
                  | but a little more powerful. [Xom's grace]
  9177 | Lair:1   | Gained mutation: You have sharp toenails. [Xom's grace]
  9231 | Lair:1   | Noticed a four-headed hydra
  9237 | Lair:1   | XOM: fog
  9240 | Lair:1   | Killed a four-headed hydra
  9382 | Lair:1   | XOM: confuse monster(s)
  9386 | Lair:1   | XOM: 3-stop teleportation journey
  9424 | Lair:1   | XOM: summons 5 hostile demons
  9450 | Lair:1   | XOM: god gift: scale mail {god gift}
  9500 | Lair:1   | Got a steaming hand axe
  9501 | Lair:1   | XOM: summons 3 hostile shadow creatures
  9511 | Lair:1   | XOM: swap monsters
  9512 | Lair:1   | XOM: silly message
  9513 | Lair:1   | HP: 4/92 [yak[Xom] (6)]
  9592 | Lair:1   | XOM: scenery: create altars
  9693 | Lair:1   | XOM: enchant monster (good)
  9708 | Lair:1   | XOM: enchant monster (bad)
  9725 | Lair:1   | XOM: summons friendly quasit
  9730 | Lair:1   | XOM: smoke on damage
  9734 | Lair:1   | Reached XP level 11. HP: 42/99 MP: 12/12
  9734 | Lair:1   | XOM: cast spell 'Summon Ice Beast'
 10023 | Lair:1   | XOM: summons 11 friendly demons
 10531 | Lair:2   | Noticed an eight-headed hydra
 10544 | Lair:2   | Killed an eight-headed hydra
 10544 | Lair:2   | Reached skill level 10 in Fighting
 10548 | Lair:2   | Killed an eight-headed hydra
 10698 | Lair:2   | XOM: summons friendly crimson imp
 10700 | Lair:2   | XOM: swap monsters
 10703 | Lair:2   | XOM: divination: magic mapping
 10808 | Lair:2   | XOM: enchant monster (good)
 10851 | Lair:2   | XOM: fog
 10864 | Lair:2   | XOM: enchant monster (good)
 10866 | Lair:2   | Reached skill level 5 in Shields
 11136 | Lair:2   | XOM: harmless Air miscast
 11455 | Lair:3   | XOM: enchant monster (good)
 11468 | Lair:3   | XOM: cleaving
 11501 | Lair:3   | XOM: fog
 11502 | Lair:3   | XOM: confuse monster(s)
 11643 | Lair:3   | XOM: summons 2 friendly demons
 11669 | Lair:3   | Noticed a death yak
 11670 | Lair:3   | Noticed a death yak
 11670 | Lair:3   | Noticed a death yak
 11670 | Lair:3   | Noticed a death yak
 11671 | Lair:3   | Noticed a death yak
 11687 | Lair:3   | HP: 3/101 [death yak (6)]
 11687 | Lair:3   | Mangled by a death yak

Skill      XL: |  1  2  3  4  5  6  7  8  9 10 11 |
---------------+----------------------------------+-----
Dodging        | 1 2 |  2.4
Polearms       | 3 4 5 6 7 8 9 |  9.0
Armour         | 2 3 4 5 6 7 8 |  8.2
Fighting       | 4 5 7 8 9 10 | 10.5
Stealth        | 1 2 3 5 6 |  6.6
Crossbows      | 1 2 |  2.1
Shields        | 3 6 |  6.2

Action                   |  1- 3 |  4- 6 |  7- 9 | 10-12 || total
-------------------------+-------+-------+-------+-------++-------
Melee: Spear             |    87 |   182 |   311 |   380 ||   960
       Kick              |       |       |       |   110 ||   110
  Use: Scroll            |       |     5 |     4 |     3 ||    12
       Potion            |       |       |     6 |     5 ||    11
 Stab: Paralysed         |       |     1 |    20 |     1 ||    22
       Petrified         |       |       |     6 |    11 ||    17
       Distracted        |       |       |     2 |     1 ||     3
       Confused          |       |       |     1 |     2 ||     3
       Petrifying        |       |       |       |     1 ||     1
  Eat: Ration            |       |     3 |     2 |     5 ||    10
       Chunk             |       |     3 |     3 |       ||     6
Armor: Leather armour    |    32 |     2 |       |       ||    34
       Plate armour      |       |    99 |   201 |   193 ||   493
Dodge: Dodged            |    49 |    27 |    56 |    68 ||   200
Block: Shield            |       |       |       |   188 ||   188
